 Dungeon Crawl Stone Soup version 0.30-a0-937-ga0a21ad780 (webtiles) character file.

Game seed: 3612369980455327253

1891 Sobieck the Grappler (level 9, -5/82 HPs)
             Began as a Ghoul Monk on Mar 24, 2023.
             Was a Believer of Wu Jian.
             Slain by a gnoll
             ... wielding a +2 halberd of electrocution
              (11 damage)
             ... in a bailey.
             The game lasted 00:14:09 (6282 turns).

Sobieck the Grappler (Ghoul Monk)                   Turns: 6282, Time: 00:14:10

Health: -5/82      AC: 10    Str: 19    XL:     9   Next: 15%
Magic:  8/8        EV: 10    Int:  5    God:    Wu Jian [**....]
Gold:   207        SH:  0    Dex: 11    Spells: 8/8 levels left

rFire   . . .      SeeInvis .      - Unarmed
rCold   + . .      Faith    .    (no shield)
rNeg    + + +      Spirit   .    m - +0 scale mail
rPois   ∞          Reflect  .    v - +0 helmet
rElec   .          Rampage  .    h - +1 cloak
rCorr   .                        (no gloves)
Will    +....                    M - +0 pair of boots Stlth
                                 (no amulet)
HPRegen 0.00/turn                u - ring of flight
MPRegen 0.11/turn                a - ring of willpower

@: flying, inhibited regen
A: claws 1, cold resistance 1, negative energy resistance 3, inhibited
regeneration, torment resistance 2, devour on kill
a: Renounce Religion, Wall Jump


You were in a bailey.
You worshipped Wu Jian.
Wu Jian was pleased with you.
You visited 2 branches of the dungeon, and saw 8 of its levels.
You also visited: Bailey.

You collected 362 gold pieces.
You spent 155 gold pieces at shops.


Innate Abilities, Weirdness & Mutations

You are immune to poison.
You have sharp fingernails.
Your flesh is cold resistant. (rC+)
You are immune to negative energy. (rN+++)
You do not regenerate when monsters are visible.
You are immune to unholy pain and torment.
You thrive by killing the living.


   Skills:
 + Level 8.6 Fighting
 - Level 3.0 Throwing
 + Level 2.3 Armour
 - Level 2.6 Dodging
 - Level 2.1 Stealth
 * Level 9.2 Unarmed Combat


You had 8 spell levels left.
You didn't know any spells.
Your spell library contained the following spells:

 Spells                   Type           Power      Damage    Failure   Level
 Kiss of Death            Conj/Necr      0%         2d5       85%         1
 Summon Small Mammal      Summ           0%         N/A       85%         1
 Call Canine Familiar     Summ           0%         N/A       99%         3
 Confusing Touch          Hex            0%         N/A       99%         3
 Summon Guardian Golem    Hex/Summ       0%         N/A       99%         3
 Dispel Undead            Necr           0%         3d6       100%        4

Inventory:

Missiles
 f - 13 boomerangs (quivered) {throwing}
 g - 48 stones {throwing}
 A - a throwing net {=f!fthrowing}
 L - 4 curare-tipped darts {=fthrowing}
 Y - 9 poisoned darts {throwing}
Armour
 h - a +1 cloak (worn)
   (You found it on level 4 of the Dungeon)
 m - a +0 scale mail (worn)
   (You took it off a gnoll on level 2 of the Dungeon)
 o - a +0 leather armour
   (You found it on level 2 of the Dungeon)
 v - a +0 helmet (worn)
   (You found it on level 3 of the Dungeon)
 w - a +0 chain mail
   (You took it off an orc warrior on level 6 of the Dungeon)
 B - a +0 ring mail
   (You took it off an orc on level 4 of the Dungeon)
 C - a +0 robe
   (You took it off an orc wizard on level 4 of the Dungeon)
 D - a +0 scale mail
   (You took it off an orc on level 4 of the Dungeon)
 E - a +0 ring mail
   (You found it on level 4 of the Dungeon)
 G - a +0 ring mail
   (You found it on level 4 of the Dungeon)
 J - a +0 ring mail
   (You took it off an orc on level 5 of the Dungeon)
 K - a +0 robe
   (You took it off an orc wizard on level 5 of the Dungeon)
 M - a +0 pair of boots (worn)
   (You found it on level 5 of the Dungeon)
 N - a +0 leather armour
   (You took it off an orc on level 5 of the Dungeon)
 O - a +0 robe
   (You took it off an orc wizard on level 5 of the Dungeon)
 P - a +0 robe
   (You took it off an orc wizard on level 5 of the Dungeon)
 Q - a +0 chain mail
   (You took it off an orc in a bailey)
 R - a +0 robe
   (You took it off an orc wizard on level 5 of the Dungeon)
 S - a +0 robe
   (You found it on level 5 of the Dungeon)
 U - a +0 scale mail
   (You took it off an orc on level 6 of the Dungeon)
 V - a +0 robe
   (You took it off an orc wizard on level 6 of the Dungeon)
 W - a +0 chain mail
   (You took it off an orc on level 6 of the Dungeon)
 X - a +0 leather armour
   (You took it off an orc on level 6 of the Dungeon)
Jewellery
 a - a ring of willpower (right claw)
   (You found it on level 6 of the Dungeon)
 k - a ring of positive energy
   (You took it off an orc on level 2 of the Dungeon)
 u - a ring of flight (left claw)
   (You found it on level 3 of the Dungeon)
Wands
 r - a wand of polymorph (3)
   (You took it off Ijyb on level 2 of the Dungeon)
 x - a wand of flame (22)
   (You found it on level 3 of the Dungeon)
 y - a wand of paralysis (2)
   (You found it on level 3 of the Dungeon)
 F - a wand of iceblast (35)
   (You found it on level 4 of the Dungeon)
Scrolls
 e - 5 scrolls of teleportation {@r4}
 l - 3 scrolls of enchant weapon
 n - 3 scrolls of noise {!r}
 q - a scroll of immolation {!r!r}
 s - a scroll of enchant armour
 H - a scroll of magic mapping {!r}
Potions
 b - a potion of ambrosia
 c - a potion of magic
 d - 4 potions of brilliance
 i - 7 potions of curing {@q1}
 j - 2 potions of heal wounds {@q2}
 p - 2 potions of resistance {unknown}
 t - a potion of degeneration {!q@e2}
 z - a potion of cancellation
 I - a potion of attraction {!q}
 T - a potion of flight

Dungeon Overview and Level Annotations

Branches:
Dungeon (7/15) Zot: 26867  Temple (1/1) D:6 Zot: 5939  Bailey (1/1) Zot: 5912

Altars:
Ashenzari
Gozag
Hepliaklqana
Kikubaaqudgha
Nemelex Xobeh
Qazlal
Sif Muna
Trog
Vehumet
Wu Jian
Yredelemnul

Shops:
D:1

?: # ### ##### ###
##
###)###)'.###.###.#
'##'##'###'##'##'#
#.....## ##.....##
#.....#####.....###
'..∩..'.#.'..⌠..'.#
#.....#####.....###
#.....# #.....##
'##'##'# +##+##@#
###)# #.# ##g# #
### ### g# #.# .#
#+ ##


You could see 2 gnolls.


Message History

Found 2 murky white potions.
Found a gate leading back out of this place.
There is an open door here.
Unknown command.
There is a gate leading back out of this place here.
p - 2 murky white potions Unknown command.
You reach down and open the door.
There is an open door here.
You reach down and open the door.
Unknown command.
There is an open door here.
There is an open door here.
There is a gate leading back out of this place here.
You reach down and open the door.
An orc comes into view. It is wielding a +0 spear.
The orc closely misses you.
Danger!
You lunge at the orc.
You scratch the orc but do no damage. The orc misses you.
There is an open door here.
Unknown command.
You claw the orc!
You kill the orc!
The Council accepts your kill.
Things that are here:
a +0 spear {polearm}; a +0 scale mail; an orc corpse
There is an open door here.
There is a gate leading back out of this place here.
You reach down and open the door.
An orc comes into view. It is wielding a +0 trident.
The orc hits you but does no damage.
Danger!
You lunge at the orc.
You claw the orc!
You kill the orc!
The Council accepts your kill.
There is an open door here.
Q - a +0 chain mail
Things that are here:
a +0 trident {polearm}; an orc corpse
There is an open door here.
You reach down and open the door.
Unknown command.
You reach down and open the door.
There is an open door here.
As you open the door, it creaks loudly!
A gnoll comes into view.
It is wielding a +2 halberd of draining.
The gnoll shouts!
The gnoll barely misses you.
Danger!
You lunge at the gnoll.
You scratch the gnoll. The gnoll closely misses you.
There is an open door here.
Unknown command.
You claw the gnoll!
You kill the gnoll!
The Council accepts your kill.
Things that are here:
a +2 halberd of draining {polearm}; a gnoll corpse Unknown command.
You reach down and open the door.
There is an open door here.
You reach down and open the door.
There is an open door here.
d - 4 potions of brilliance (gained 1)
You reach down and open the door.
There is an open door here.
You reach down and open the door.
There is an open door here.
You reach down and open the door.
Unknown command.
There is an open door here.
You reach down and open the door.
There is an open door here.
Unknown command.
Unknown command.
You reach down and open the door.
A gnoll comes into view.
It is wielding a +2 halberd of electrocution.
The gnoll shouts!
Something unseen opens the door.
The gnoll hits you from afar with a +2 halberd of electrocution!
You are electrocuted!
Danger!
A gnoll comes into view.
It is wielding a +0 halberd of electrocution.
You lunge at the gnoll, in a flurry of attacks.
You barely miss the gnoll. You closely miss the gnoll.
The gnoll shouts!
The gnoll hits you with a +2 halberd of electrocution.
There is an open door here.
You scratch the gnoll.
The gnoll hits you from afar with a +0 halberd of electrocution!
You are electrocuted!!
* * * LOW HITPOINT WARNING * * *
The gnoll hits you with a +2 halberd of electrocution.
* * * LOW HITPOINT WARNING * * *
You closely miss the gnoll.
The gnoll hits you from afar with a +0 halberd of electrocution.
* * * LOW HITPOINT WARNING * * *
You are electrocuted!!
* * * LOW HITPOINT WARNING * * *
The gnoll hits you with a +2 halberd of electrocution!
You die...

Skill      XL: |  1  2  3  4  5  6  7  8  9 |
---------------+----------------------------+-----
Unarmed Combat | 4 5 6 7 8 9 |  9.2
Fighting       | 4 5 6 8 |  8.6
Throwing       | 1 2 3 |  3.0
Armour         | 1 2 |  2.3
Dodging        | |  2.6
Stealth        | |  2.1

Action                     |  1- 3 |  4- 6 |  7- 9 || total
---------------------------+-------+-------+-------++-------
  Melee: Unarmed           |    68 |   234 |   232 ||   534
         Punch             |     1 |     5 |    14 ||    20
  Throw: Boomerang         |     4 |    37 |    58 ||    99
         Dart              |       |       |     3 ||     3
Ability: Whirlwind         |       |       |    23 ||    23
         Lunge             |       |       |    15 ||    15
    Use: Scroll            |       |     9 |     8 ||    17
   Stab: Sleeping          |     3 |       |       ||     3
 Armour: Robe              |     3 |    10 |       ||    13
         Scale mail        |       |    78 |   107 ||   185
  Dodge: Dodged            |    37 |   112 |   126 ||   275

Levels and vault maps discovered:
D:1:      dpeg_arrival_solitude, layout_loops_cross, serial_shops,
          nicolae_shop_hallway_stairs, shop, minmay_misc_feat_doors, hex_medium
D:2:      cheibrodos_greedy_goblins, layout_basic, basic_altar, st_stairs_12,
          minmay_box_of_dots
D:3:      layout_rooms, overflow_temple_1_default, jmf_multi_god_temple,
          serial_undead, serial_undead_a, serial_undead_e, serial_undead_f,
          serial_undead_b, uniq_ijyb
D:4:      layout_rooms, nicolae_ashenzari_panopticon
D:5:      layout_loops_cross
D:6:      layout_gridville, zin_statuary, minmay_temple_entry_large_hall
D:7:      layout_basic, grunt_temple_overflow_champion_of_chaos,
          elyvilon_altar_4, nicolae_ru_the_path_less_chosen, enter_bailey_5,
          solitary_fountain, uniq_menkaure
Temple:   hellmonk_temple_of_storms
Bailey:   bailey_polearm_nasty_gnolls, bailey

Notes
Turn   | Place    | Note
-------+----------+-------------------------------------------
     0 | D:1      | Sobieck the Ghoul Monk began the quest for the Orb.
     0 | D:1      | Reached XP level 1. HP: 19/19 MP: 0/0
   111 | D:1      | Found Jyom's Magic Scroll Shoppe.
   167 | D:1      | Reached XP level 2. HP: 26/26 MP: 1/1
   221 | D:1      | Found Zeiv Ips's Book Shop.
   733 | D:2      | Reached skill level 4 in Unarmed Combat
   733 | D:2      | Reached XP level 3. HP: 22/33 MP: 2/2
   807 | D:2      | HP: 7/33 [gnoll/+0 club (3)]
   810 | D:2      | HP: 2/33 [gnoll/+0 club (5)]
   949 | D:2      | Reached skill level 4 in Fighting
   949 | D:2      | Reached skill level 1 in Throwing
  1066 | D:2      | Reached XP level 4. HP: 39/40 MP: 3/3
  1137 | D:2      | Found a bloodstained altar of Trog.
  1426 | D:2      | Reached XP level 5. HP: 47/47 MP: 4/4
  1690 | D:2      | Reached skill level 5 in Unarmed Combat
  1860 | D:1      | Bought a scroll of noise for 10 gold pieces
  1860 | D:1      | Bought a scroll of identify for 20 gold pieces
  1860 | D:1      | Bought a scroll of identify for 20 gold pieces
  1892 | D:3      | Noticed Ijyb
  1917 | D:2      | Killed Ijyb
  2049 | D:3      | Found a hazy altar of Hepliaklqana.
  2182 | D:1      | Bought a scroll of blinking for 75 gold pieces
  2343 | D:3      | Reached skill level 2 in Throwing
  2466 | D:3      | Found a sparkling altar of Nemelex Xobeh.
  2475 | D:3      | Reached XP level 6. HP: 51/53 MP: 5/5
  2476 | D:3      | Found a bloodstained altar of Trog.
  2647 | D:1      | Bought a scroll of teleportation for 30 gold pieces
  2795 | D:4      | Found a broken altar of Ashenzari.
  3010 | D:4      | Reached skill level 6 in Unarmed Combat
  3071 | D:4      | You pick up a book of Callings and begin reading...
  3071 | D:4      | You add the spells Summon Small Mammal, Call Canine
                  | Familiar and Summon Guardian Golem to your library.
  3097 | D:4      | Reached skill level 5 in Fighting
  3459 | D:5      | Entered Level 5 of the Dungeon
  3464 | D:5      | Reached XP level 7. HP: 61/61 MP: 6/6
  3685 | D:5      | Reached skill level 3 in Throwing
  3745 | D:5      | Reached skill level 7 in Unarmed Combat
  4227 | D:5      | Reached skill level 6 in Fighting
  4227 | D:5      | Reached XP level 8. HP: 51/70 MP: 7/7
  4630 | D:5      | Reached skill level 8 in Unarmed Combat
  4743 | D:6      | HP: 8/71 [orc priest/divine providence (12)]
  4750 | D:6      | Reached skill level 7 in Fighting
  5060 | D:6      | Found a staircase to the Ecumenical Temple.
  5069 | Temple   | Entered the Ecumenical Temple
  5109 | Temple   | Became a worshipper of the Wu Jian Council
  5109 | Temple   | Reached * piety under Wu Jian
  5109 | Temple   | Reached ** piety under Wu Jian
  5154 | D:6      | Reached skill level 8 in Fighting
  5216 | D:6      | Reached skill level 1 in Armour
  5364 | D:6      | You pick up a book of Touch and begin reading...
  5364 | D:6      | You add the spells Kiss of Death, Confusing Touch and
                  | Dispel Undead to your library.
  5604 | D:6      | Reached XP level 9. HP: 82/82 MP: 8/8
  6077 | D:7      | Reached skill level 2 in Armour
  6081 | D:7      | Reached skill level 9 in Unarmed Combat
  6181 | D:7      | Found a flagged portal.
  6194 | Bailey   | Entered a bailey
  6282 | Bailey   | HP: 6/82 [gnoll/+0 halberd of electrocution (20)]
  6282 | Bailey   | Slain by a gnoll

Vanquished Creatures
  An ice beast (D:6)
  An orc warrior (D:6)
  2 black bears
  A sky beast (D:6)
  2 ogres
  3 centaurs
  A phantom (D:7)
  A kobold brigand (D:6)
  2 howler monkeys (D:7)
  3 orc priests
  4 sleepcaps
  Ijyb (D:2)
  3 iguanas
  6 orc wizards
  13 gnolls
  10 adders
  A white imp (D:6)
  An ufetubus (D:4)
  An adder skeleton (D:3)
  2 dart slugs
  28 orcs
  7 bats
  4 endoplasms
  2 giant cockroaches
  7 hobgoblins
  5 jackals (D:2)
  2 quokkas
  8 ball pythons
  A ball python zombie (D:3)
  3 frilled lizards
  19 goblins
  7 kobolds
  5 rats
157 creatures vanquished.

Table legend:
 A = Non-vault XP
 B = Vault XP
 C = Vault XP percentage of total XP
 D = Non-vault monster count
 E = Vault monster count
 F = Vault count percentage of total count
                 A         B        C        D         E       F
            +---------+---------+-------+---------+---------+-------
      Total |    2587 |     115 |   4.3 |     126 |      31 |  19.7
            +---------+---------+-------+---------+---------+-------
        D:1 |      17 |       0 |   0.0 |      11 |       0 |   0.0
        D:2 |     142 |      69 |  32.7 |      29 |      20 |  40.8
        D:3 |      79 |      20 |  20.2 |      13 |       4 |  23.5
        D:4 |     289 |       0 |   0.0 |      17 |       0 |   0.0
        D:5 |     647 |       0 |   0.0 |      20 |       0 |   0.0
        D:6 |    1093 |       0 |   0.0 |      32 |       0 |   0.0
        D:7 |     320 |       7 |   2.1 |       4 |       4 |  50.0
     Bailey |       0 |      19 | 100.0 |       0 |       3 | 100.0
            +---------+---------+-------+---------+---------+-------

Illustrated notes

Table legend:
 A = Kills in this place as a percentage of kills in the entire game.
 B = Kills by you in this place as a percentage of kills by you in the entire game.
 C = Kills by friends in this place as a percentage of kills by friends in the entire game.
 D = Other kills in this place as a percentage of other kills in the entire game.
 E = Experience gained in this place as a percentage of experience gained in the entire game.
 F = Experience gained in this place divided by the number of levels of this place that you have seen.
                   A       B       C       D       E      F
               +-------+-------+-------+-------+-------+----------------------
         Total | 100.0 | 100.0 |   N/A |   N/A | 100.0 | 300.2
       Dungeon |  98.1 |  98.1 |   N/A |   N/A |  99.3 | 383.3
        Bailey |   1.9 |   1.9 |   N/A |   N/A |   0.7 |  19.0
               +-------+-------+-------+-------+-------+----------------------

Table legend: (Time is in decaauts)
 A = Elapsed time spent in this place.
 B = Non-inter-level travel time spent in this place.
 C = Inter-level travel time spent in this place.
 D = Time resting spent in this place.
 E = Time spent auto-exploring this place.
 F = Levels seen in this place.
 G = Mean time per level.
                   A        B        C        D        E       F      G
               +--------+--------+--------+--------+--------+-----+--------+
         Total |   6253 |   5837 |    416 |    822 |   3676 |   9 |  694.8 |
       Dungeon |   6105 |   5709 |    396 |    822 |   3658 |   7 |  872.1 |
        Temple |     60 |     40 |     20 |      0 |     16 |   1 |   60.0 |
        Bailey |     87 |     87 |      0 |      0 |      2 |   1 |   87.0 |
               +--------+--------+--------+--------+--------+-----+--------+

Top non-repeatable levels by time:
     D:2: 1435 daAuts
     D:6: 1329 daAuts
     D:5: 1213 daAuts
     D:4: 774 daAuts
     D:3: 619 daAuts
     D:1: 614 daAuts
     D:7: 119 daAuts
  Bailey: 87 daAuts
  Temple: 60 daAuts
